 Dungeon Crawl Stone Soup version 0.24.1-14-gf8d2b509d9 (console) character file.

Game seed: 14237098105967870933, levelgen mode: deterministic

77477 Kagalorn the Severer (level 15, -2/132 HPs)
             Began as a Minotaur Wanderer on Feb 25, 2021.
             Was the Champion of the Shining One.
             Slain by a sixfirhy (11 damage)
             ... on level 6 of the Lair of Beasts.
             The game lasted 00:56:32 (28419 turns).

Kagalorn the Severer (Minotaur Wanderer)           Turns: 28419, Time: 00:56:33

Health: -2/132     AC: 18    Str: 21    XL:     15   Next: 15%
Magic:  12/24      EV: 17    Int:  9    God:    the Shining One [******]
Gold:   1186       SH:  5    Dex: 17    Spells: 15/16 levels left

rFire    . . .     SeeInvis .   a - +5 war axe (elec)
rCold    + . .     Gourm    .   T - +0 buckler
rNeg     + + +     Faith    .   O - +4 scale mail
rPois    .         Spirit   .   (helmet restricted)
rElec    .         Reflect  .   X - +0 cloak
rCorr    .         Harm     .   F - +1 pair of gloves
MR       ++...                  j - +0 pair of boots
Stlth    ..........             (no amulet)
HPRegen  0.32/turn              J - ring of Gomueng {Ice MR+ Dex+5}
MPRegen  0.19/turn              K - ring of protection from fire

@: lethally poisoned (-2 -> -52), glowing
A: retaliatory headbutt, horns 2
a: Divine Shield, Cleansing Flame, Summon Divine Warrior, Brand Weapon With Holy
Wrath, Renounce Religion


You were on level 6 of the Lair of Beasts.
You worshipped the Shining One.
The Shining One was exalted by your worship.
You were not hungry.

You visited 3 branches of the dungeon, and saw 20 of its levels.
You also visited: Sewer, Bailey and Gauntlet.

You collected 1601 gold pieces.
You spent 415 gold pieces at shops.

Inventory:

Hand Weapons
 a - a +5 war axe of electrocution (weapon)
 b - the +10 hunting sling "Adetuw" {flame, rElec rN+ Str+4}
   (You took it off a minotaur in a Gauntlet)

   It causes projectiles fired from it to burn those they strike, causing extra
   injury to most foes and up to half again as much damage against particularly
   susceptible opponents.
   It affects your strength (+4).
   It insulates you from electricity.
   It protects you from negative energy.
 w - a +7 trident of piercing
 Q - a +0 hand crossbow
Missiles
 d - 181 sling bullets
 e - 620 stones (quivered)
 g - 368 arrows
 h - 140 bolts
 n - 54 javelins
 s - 18 boomerangs
Armour
 j - a +0 pair of boots (worn)
 A - the +0 cloak of the Good {*Corrode MR+ Str+2 Int+3}
   (You found it in a Gauntlet)

   It affects your strength (+2).
   It affects your intelligence (+3).
   It affects your resistance to hostile enchantments.
   It may corrode you when you take damage.
 F - a +1 pair of gloves (worn)
 O - a +4 scale mail (worn)
 T - a +0 buckler (worn)
 X - a +0 cloak (worn)
Jewellery
 I - an uncursed ring of flight
 J - the ring of Gomueng (left hand) {Ice MR+ Dex+5}
   (You found it on level 9 of the Dungeon)

   [ring of ice]

   It enhances your ice magic.
   It affects your dexterity (+5).
   It makes you vulnerable to fire.
   It protects you from cold.
   It affects your resistance to hostile enchantments.
 K - a ring of protection from fire (right hand)
 U - an uncursed ring of ice
 Z - an uncursed ring of positive energy {unknown}
Wands
 m - a wand of iceblast (12)
 u - a wand of acid (22)
 D - a wand of scattershot (4)
 N - a wand of polymorph (8)
 S - a wand of flame (13)
Scrolls
 k - 2 scrolls of magic mapping
 l - 7 scrolls of amnesia
 o - 7 scrolls of enchant armour
 y - 12 scrolls of teleportation
 B - 5 scrolls of blinking
 C - 11 scrolls of remove curse
 E - 5 scrolls of enchant weapon
 H - 9 scrolls of fear
 M - 9 scrolls of identify
 R - a scroll of holy word
 Y - a scroll of fog
Potions
 c - 2 potions of lignification
 i - 14 potions of curing
 p - 2 potions of mutation
 q - 2 potions of agility
 r - 3 potions of flight
 t - a potion of berserk rage
 v - a potion of haste
 x - 6 potions of heal wounds
 z - 2 potions of magic
 G - 7 potions of brilliance
 L - 3 potions of might
 P - 2 potions of ambrosia
Miscellaneous
 V - a box of beasts
Comestibles
 f - 23 rations


   Skills:
 + Level 11.8 Fighting
 - Level 18.0 Axes
   Level 1.1 Bows
 - Level 1.0 Throwing
 + Level 11.8 Armour
 - Level 10.0 Dodging
 - Level 4.0 Shields
 - Level 1.3 Spellcasting
   Level 1.0 Ice Magic
 - Level 14.0 Invocations


You had 15 spell levels left.
You knew the following spells:

 Your Spells              Type           Power        Failure   Level  Hunger
a - Magic Dart            Conj           #...         61%         1    ##.....

Your spell library contained the following spells:

 Spells                   Type           Power        Failure   Level  Hunger
 Animate Skeleton         Necr           N/A          61%         1    ##.....
 Corona                   Hex            #......      61%         1    ##.....
 Pain                     Necr           #...         61%         1    ##.....
 Sting                    Conj/Pois      #...         61%         1    ##.....
 Summon Butterflies       Summ           #.......     61%         1    ##.....
 Blink                    Tloc           N/A          75%         2    ###....
 Call Imp                 Summ           #.......     75%         2    ###....
 Poisonous Vapours        Pois/Air       #.....       75%         2    ###....
 Slow                     Hex            #.......     75%         2    ###....
 Sublimation of Blood     Necr           #.........   75%         2    ###....
 Call Canine Familiar     Summ           #.......     93%         3    ####...
 Conjure Flame            Conj/Fire      #.......     93%         3    ####...
 Ignite Poison            Fire/Tmut/Pois #.......     93%         3    ####...
 Inner Flame              Hex/Fire       #.......     93%         3    ####...
 Mephitic Cloud           Conj/Pois/Air  #.......     93%         3    ####...
 Portal Projectile        Hex/Tloc       #.....       93%         3    ####...
 Regeneration             Chrm/Necr      #.........   93%         3    ####...
 Vampiric Draining        Necr           #.........   93%         3    ####...
 Summon Ice Beast         Ice/Summ       #.......     99%         4    #####..
 Animate Dead             Necr           N/A          100%        4    #####..
 Cause Fear               Hex            #.........   100%        4    #####..
 Leda's Liquefaction      Hex/Erth       #.........   100%        4    #####..
 Olgreb's Toxic Radiance  Pois           #.......     100%        4    #####..
 Petrify                  Tmut/Erth      #.......     100%        4    #####..
 Alistair's Intoxication  Tmut/Pois      #.......     100%        5    ######.
 Irradiate                Conj/Tmut      #.........   100%        5    ######.
 Summon Mana Viper        Hex/Summ       #.......     100%        5    ######.
 Venom Bolt               Conj/Pois      #.........   100%        5    ######.
 Summon Hydra             Summ           #.........   100%        7    #######


Dungeon Overview and Level Annotations

Branches:
Dungeon (13/15)            Temple (1/1) D:7            Lair (6/6) D:11
  Swamp (0/4) Lair:2       Spider (0/4) Lair:3        Slime (0/5) Lair:5
    Orc (0/2) D:10          Sewer (visited)          Bailey (visited)
Gauntlet (visited)
 Vaults: D:13-14

Altars:
Ashenzari
Cheibriados
Dithmenos
Elyvilon
Fedhas
Gozag
Hepliaklqana
Kikubaaqudgha
Makhleb
Nemelex Xobeh
Okawaru
Qazlal
Ru
Sif Muna
Trog
Uskayaw
Vehumet
Wu Jian
Xom
Yredelemnul
Zin
The Shining One
Jiyva

Shops:
D:4 %}[   D:5 (   D:9 *

Annotations:
D:11 exclusion: oklob plant
Lair:6 exclusion: oklob plant


Innate Abilities, Weirdness & Mutations

You reflexively headbutt those who attack you in melee.
You have a pair of horns on your head.


Message History

You block the orange demon's attack.
Unknown command.
The golden flame engulfs you but does no damage.
You resist.
The golden flame engulfs the ice devil!!!
The ice devil writhes in agony!
You kill the ice devil!
The Shining One accepts your kill.
You feel better.
You feel your power returning.
The golden flame engulfs the orange demon!
The orange demon writhes in agony!
You kill the orange demon!
The Shining One accepts your kill.
You feel somewhat more hungry.
* * * LOW HITPOINT WARNING * * *
You feel very sick. You block the sixfirhy's attack. The sixfirhy hits you!
* * * LOW HITPOINT WARNING * * *
The sixfirhy shocks you!
You die...

♣♣...♣ ♣♣♣....♣♣♣...♣♣ ♣....♣
♣♣♣.......♣♣ #######''######
♣♣♣P♣♣.♣♣
#.............#########+♣♣♣♣♣
#....8....8...#........#
#.............'...8.8..#
###############).8.#...# ♣
..... #...8.#..# ♣♣
......#@.#.8...# ♣.
._.3..3...#.8..# ♣.
......#..8.8...# ♣♣
≈.....#........# ♣ ≈§§##
########## ≈≈ #


You could see a sixfirhy and a smoke demon.

Vanquished Creatures
  Gastronok (D:8)
  Kirke (Lair:5)
  A minotaur (Gauntlet)
  A blizzard demon (Gauntlet)
  Erolcha (D:9)
  10 hydras
  The ghost of peterlawrence the Fighter, a novice MiFi of Okawaru (D:7)
  A centaur warrior (D:13)
  A two-headed ogre (D:13)
  A dancing weapon (D:7)
  17 death yaks
  A queen ant (Gauntlet)
  A wizard (Lair:6)
  3 unseen horrors
  Pikel (D:7)
  4 cyclopes
  3 ugly things
  3 black mambas
  9 elephants
  A torpor snail (Lair:2)
  Psyche (D:8)
  2 gargoyles
  A kobold demonologist (D:13)
  An orange demon (Lair:6)
  3 rime drakes
  11 komodo dragons
  9 spiny frogs
  3 ice devils (Lair:6)
  A red devil (Lair:6)
  3 trolls
  A tengu conjurer (D:13)
  2 polar bears
  Prince Ribbit (D:6)
  7 blink frogs
  10 hippogriffs
  13 dream sheep
  A bog body (Lair:2)
  4 wraiths
  2 shadows (D:12)
  A spriggan (Lair:4)
  A vampire (D:12)
  5 wyverns
  58 yaks
  A water elemental (D:11)
  7 hogs
  A hungry ghost (D:9)
  2 basilisks
  A human (D:11)
  4 vampire mosquitoes
  9 water moccasins
  5 soldier ants
  2 swamp worms (Lair:2)
  3 hell hounds (Lair:6)
  15 orc warriors
  10 porcupines
  2 black bears
  4 eyes of draining
  5 ice beasts
  2 slaves (D:7)
  4 sky beasts
  9 wolves
  6 ogres
  4 phantoms
  19 centaurs
  4 crocodiles
  2 big kobolds
  17 bullfrogs
  A gnoll sergeant (D:6)
  A spiny frog simulacrum (Gauntlet)
  2 scorpions
  A killer bee (D:13)
  A water moccasin skeleton (D:6)
  8 howler monkeys
  6 electric eels
  10 crimson imps
  7 centaur zombies
  A quasit (D:10)
  7 jellies
  10 hounds
  7 orc wizards
  4 bullfrog skeletons
  3 orc priests
  Natasha (thrice) (D:3)
  11 worker ants
  A killer bee zombie (D:7)
  A bullfrog simulacrum (Gauntlet)
  2 centaur simulacra (Gauntlet)
  A hound zombie (D:10)
  A hound skeleton (D:7)
  3 worker ant zombies
  2 howler monkey zombies
  8 gnolls
  14 adders
  5 river rats (Sewer)
  3 shadow imps
  2 white imps (Gauntlet)
  An ooze (D:1)
  An adder skeleton (D:8)
  5 worms
  2 dart slugs
  3 leopard geckos (D:1)
  58 orcs
  8 bats
  8 giant cockroaches
  15 goblins
  13 hobgoblins
  6 jackals
  7 quokkas
  3 ball pythons
  14 frilled lizards
  14 kobolds
  A leopard gecko skeleton (D:7)
  13 rats
  2 fungi (Lair:6)
  10 plants
651 creatures vanquished.

Vanquished Creatures (others)
  A bullfrog (Lair:5)
  6 fungi
  22 plants
  11 withered plants (Gauntlet)
40 creatures vanquished.

Grand Total: 691 creatures vanquished

Notes
Turn   | Place    | Note
-------+----------+-------------------------------------------
     0 | D:1      | Kagalorn the Minotaur Wanderer began the quest for the Orb.
     0 | D:1      | Kagalorn set off with the following items: a +0 club, a +0
                  | ring mail, a potion of lignification, a ration; and the
                  | following spell memorised: Magic Dart; and the following
                  | spells available to memorise: Blink, Call Imp, Slow,
                  | Conjure Flame, Mephitic Cloud
     0 | D:1      | Reached XP level 1. HP: 18/18 MP: 1/1
    52 | D:1      | Reached skill level 1 in Dodging
    52 | D:1      | Reached XP level 2. HP: 23/25 MP: 3/3
   286 | D:1      | Reached XP level 3. HP: 25/31 MP: 4/4
  1225 | D:2      | Found a glowing silver altar of Zin.
  1512 | D:2      | Reached XP level 4. HP: 39/39 MP: 5/5
  1884 | D:2      | Found a glowing golden altar of the Shining One.
  1884 | D:2      | Found a blossoming altar of Fedhas.
  1894 | D:2      | Became a worshipper of the Shining One
  1909 | D:2      | Found a burning altar of Makhleb.
  1944 | D:2      | Reached XP level 5. HP: 24/46 MP: 6/6
  2456 | D:3      | Reached skill level 1 in Invocations
  2468 | D:3      | Found a faded altar of an unknown god.
  2556 | D:3      | Noticed Natasha
  2563 | D:3      | Killed Natasha
  2644 | D:3      | Found a radiant altar of Vehumet.
  2646 | D:3      | Found a hide-covered altar of Uskayaw.
  2984 | D:3      | Noticed Natasha
  2995 | D:3      | Killed Natasha
  3092 | D:3      | Noticed Natasha
  3102 | D:3      | Killed Natasha
  3102 | D:3      | Reached XP level 6. HP: 28/53 MP: 7/7
  3263 | D:4      | Found a glowing drain.
  3331 | Sewer    | Entered a sewer
  3754 | D:4      | Reached * piety under the Shining One
  3762 | D:4      | Found Vietuyno's Food Emporium.
  3814 | D:4      | Reached skill level 5 in Fighting
  3849 | D:4      | Reached skill level 1 in Axes
  3849 | D:4      | Reached skill level 5 in Armour
  3849 | D:4      | Reached XP level 7. HP: 38/61 MP: 8/8
  4007 | D:4      | Found Tygrene's Magic Scroll Shoppe.
  4016 | D:4      | Bought a scroll of blinking for 75 gold pieces
  4016 | D:4      | Bought a scroll of amnesia for 35 gold pieces
  4016 | D:4      | Bought a scroll of teleportation for 30 gold pieces
  4016 | D:4      | Bought a scroll of teleportation for 30 gold pieces
  4016 | D:4      | Bought a scroll of remove curse for 30 gold pieces
  4016 | D:4      | Bought a scroll of identify for 20 gold pieces
  4025 | D:4      | Found Darph's Antique Armour Boutique.
  4085 | D:4      | Found Sulum's Gadget Emporium.
  4432 | D:5      | Entered Level 5 of the Dungeon
  4502 | D:5      | Reached skill level 2 in Axes
  4503 | D:5      | Found Xawn's Antique Weapon Boutique.
  4585 | D:5      | You fall into a shaft and drop 3 floors!
  4743 | D:7      | Reached skill level 3 in Axes
  4778 | D:7      | Reached XP level 8. HP: 65/70 MP: 10/10
  4836 | D:6      | Reached skill level 4 in Axes
  4968 | D:6      | Reached skill level 5 in Invocations
  5451 | D:5      | Reached ** piety under the Shining One
  5946 | D:6      | Found an opulent altar of Gozag.
  5989 | D:6      | Reached skill level 5 in Dodging
  5993 | D:6      | Noticed Prince Ribbit
  5996 | D:6      | Reached skill level 5 in Axes
  6252 | D:6      | Killed Prince Ribbit
  6255 | D:6      | Reached XP level 9. HP: 78/78 MP: 12/12
  6339 | D:6      | Reached skill level 6 in Axes
  6375 | D:6      | Found a shimmering altar of Xom.
  6713 | D:7      | Found a runed translucent door.
  6713 | D:7      | Found a shimmering altar of Xom.
  6713 | D:7      | Noticed peterlawrence's ghost (novice MiFi)
  6714 | D:7      | Noticed a +0 whip of chaos
  6768 | D:7      | Noticed Pikel
  7017 | D:7      | Reached *** piety under the Shining One
  7032 | D:7      | Found a staircase to the Ecumenical Temple.
  7039 | Temple   | Entered the Ecumenical Temple
  7763 | D:7      | Found a runed translucent door.
  7763 | D:7      | Found a shimmering altar of Xom.
  7867 | D:7      | Found a staircase to the Ecumenical Temple.
  8153 | D:7      | Killed Pikel
  8153 | D:7      | Reached skill level 7 in Axes
  8315 | D:8      | Noticed Gastronok
  8390 | D:9      | Noticed a cyclops
  8408 | D:9      | Killed a cyclops
  8408 | D:9      | Reached XP level 10. HP: 47/86 MP: 14/14
  8609 | D:9      | Reached skill level 8 in Axes
  8642 | D:9      | Got a transparent lead ring
  8643 | D:9      | Identified the ring of Gomueng {Ice MR+ Dex+5} (You found
                  | it on level 9 of the Dungeon)
  8783 | D:9      | Noticed Erolcha
  8792 | D:9      | Killed Erolcha
  9195 | D:9      | Found Nocoep's General Store.
  9203 | D:9      | Bought a scroll of enchant armour for 105 gold pieces
  9355 | D:10     | Entered Level 10 of the Dungeon
  9366 | D:10     | Got a warped spear
  9467 | D:10     | Reached skill level 9 in Axes
  9486 | D:10     | Reached **** piety under the Shining One
 10016 | D:10     | Found a staircase to the Orcish Mines.
 10075 | D:10     | Reached XP level 11. HP: 60/95 MP: 16/16
 10438 | D:10     | Identified the +7 spear of Okawaru's Hatred {pain, +Blink
                  | rPois Dex+3} (You found it on level 10 of the Dungeon)
 11131 | D:11     | Reached skill level 10 in Axes
 11413 | D:11     | Found a staircase to the Lair.
 11419 | D:11     | Noticed an oklob plant
 11719 | D:11     | Noticed an unseen horror
 11733 | D:11     | Killed an unseen horror
 11747 | D:11     | Found an opulent altar of Gozag.
 11861 | D:11     | Reached ***** piety under the Shining One
 11950 | D:12     | Found a flagged portal.
 12112 | Bailey   | Entered a bailey
 12894 | Bailey   | Reached skill level 11 in Axes
 12894 | Bailey   | Reached skill level 10 in Invocations
 13329 | Bailey   | Got a smoking scale mail
 13784 | D:12     | Reached XP level 12. HP: 100/106 MP: 18/18
 14099 | D:12     | Identified the +3 scale mail of Gogatax {Int+6 Stlth+} (You
                  | found it in a bailey)
 14110 | D:12     | Reached skill level 10 in Armour
 14438 | D:13     | Reached skill level 10 in Fighting
 14506 | D:13     | Noticed a centaur warrior
 14514 | D:13     | Reached skill level 12 in Axes
 14516 | D:13     | Killed a centaur warrior
 14616 | D:13     | Noticed a four-headed hydra
 14631 | D:13     | Killed a four-headed hydra
 15369 | D:13     | Noticed a two-headed ogre
 15372 | D:13     | Killed a two-headed ogre
 15387 | D:13     | Reached skill level 13 in Axes
 15672 | D:4      | Bought a scroll of identify for 20 gold pieces
 15672 | D:4      | Bought a scroll of identify for 20 gold pieces
 15672 | D:4      | Bought a scroll of identify for 20 gold pieces
 15672 | D:4      | Bought a scroll of remove curse for 30 gold pieces
 15764 | D:7      | Killed peterlawrence's ghost
 16109 | D:8      | Noticed Psyche
 16118 | D:8      | Killed Psyche
 16347 | D:8      | Reached XP level 13. HP: 113/113 MP: 21/21
 16840 | D:8      | Killed Gastronok
 16840 | D:8      | Reached skill level 10 in Dodging
 17238 | Lair:1   | Entered Level 1 of the Lair of Beasts
 17450 | Lair:1   | Reached skill level 14 in Axes
 17507 | Lair:1   | Found a gate leading to a gauntlet.
 17605 | Gauntlet | Entered a Gauntlet
 17605 | Gauntlet | Found a transporter.
 17605 | Gauntlet | Found a transporter.
 17605 | Gauntlet | Found a transporter.
 17606 | Gauntlet | Found a transporter.
 17609 | Gauntlet | Found a transporter.
 17609 | Gauntlet | Found a transporter.
 17621 | Gauntlet | Found a transporter.
 17623 | Gauntlet | Found a transporter.
 17632 | Gauntlet | Noticed a blizzard demon
 17637 | Gauntlet | Found a transporter.
 17675 | Gauntlet | Reached ****** piety under the Shining One
 17733 | Gauntlet | Found a transporter.
 17737 | Gauntlet | Found a transporter.
 17752 | Gauntlet | Found a transporter.
 18345 | Gauntlet | Killed a blizzard demon
 18351 | Gauntlet | Got a shimmering cloak
 18366 | Gauntlet | Identified the +10 hunting sling "Adetuw" {flame, rElec rN+
                  | Str+4}
 18366 | Gauntlet | Noticed a minotaur
 18379 | Gauntlet | HP: 2/113 [minotaur/uncursed staff of cold (9)]
 18380 | Gauntlet | Killed a minotaur
 18819 | Gauntlet | Identified the +0 cloak of the Good {*Corrode MR+ Str+2
                  | Int+3} (You found it in a Gauntlet)
 19832 | Lair:2   | Reached skill level 15 in Axes
 20431 | Lair:2   | Found a staircase to the Swamp.
 22432 | Lair:2   | Found a staircase to the Swamp.
 22490 | Lair:2   | Reached XP level 14. HP: 40/121 MP: 23/23
 23217 | Lair:3   | Reached skill level 16 in Axes
 23518 | Lair:3   | Found a hole to the Spider Nest.
 24314 | Lair:4   | Got a warped golden ring
 24316 | Lair:4   | Identified the ring of Lady Luck {rC- Str+8 Int+4 SInv}
                  | (You found it on level 4 of the Lair of Beasts)
 25215 | Lair:5   | Reached skill level 17 in Axes
 25219 | Lair:5   | Noticed Kirke
 25229 | Lair:5   | Killed Kirke
 25999 | Lair:5   | Found a viscous altar of Jiyva.
 25999 | Lair:5   | Found a staircase to the Slime Pits.
 26130 | Lair:6   | Entered Level 6 of the Lair of Beasts
 26453 | Lair:5   | Reached skill level 18 in Axes
 27425 | Lair:6   | Reached XP level 15. HP: 101/130 MP: 24/24
 27608 | Lair:6   | Identified the +7 chain mail of Sif Muna's Delight {Stlth+}
                  | (You found it on level 6 of the Lair of Beasts)
 28399 | Lair:6   | Found a burning altar of Makhleb.
 28419 | Lair:6   | Slain by a sixfirhy

Levels and vault maps discovered:
D:1:      saegor_arrival_simple_d, layout_basic, minmay_misc_feat_chi,
          minmay_tetromino_i4
D:2:      minmay_evil_eye, layout_loops_corners, makhleb_heckhound_becter,
          lemuel_doored_altar, gammafunk_temple_overflow_elements
D:3:      layout_loops_ring, chequers_temple_overflow_statue_of_worship,
          chequers_ecumenical_altar_simple_redux, uniq_natasha
D:4:      layout_basic, cheibrodos_sewer_entry_drain, serial_shops, shop,
          kennysheep_little_box, kennysheep_mini, shop_scrolls, first_ration
D:5:      layout_cave_pods, serial_shops, shop, solitary_fountain
D:6:      layout_gridville, nicolae_gozag_cash_rules_everything_around_me,
          minmay_ruined_shrine, uniq_prince_ribbit1
D:7:      layout_basic, minmay_temple_entry_mini_moons, ebering_ghost_xom,
          uniq_pikel
D:8:      layout_layer_cave, uniq_psyche, uniq_gastronok
D:9:      layout_loops_cross, serial_shops, nicolae_shop_statue_plus,
          uniq_erolcha
D:10:     layout_basic, orc_0_dummy, nicolae_water_bricks
D:11:     layout_big_octagon, dpeg_oklobed_lair, serial_bayou,
          serial_bayou_shore_b, serial_bayou_pond_b, serial_bayou_crossing,
          serial_bayou_pond_e, basic_altar, grunt_livestock
D:12:     layout_rooms, enter_bailey_3
D:13:     wad_arrow_thing, layout_basic, serial_corexii_hall,
          chequers_hall_statues_wall_a, corexii_hall_statues_i,
          corexii_hall_statues_i, corexii_hall_statues_t,
          minmay_misc_feat_square
Temple:   regret_index_temple_waves
Lair:1:   layout_cave_pods, gauntlet_entry_generic
Lair:2:   layout_big_grid, nicolae_swamp_entry_splash_gauntlet,
          minmay_shattered_shrine
Lair:3:   layout_regular_city, dummy_spider_entry, infiniplex_staircase_pool
Lair:4:   layout_long_grid, forest_entry_grove, serial_bayou_shore_b,
          grunt_megastairs_3
Lair:5:   layout_misc_corridors, dpeg_slime_entry_enclosed_altar,
          grunt_megastairs_5, uniq_kirke
Lair:6:   evil_forest, layout_big_grid, fungi_pond_lemuel

Skill      XL: |  1  2  3  4  5  6  7  8  9 10 11 12 13 14 |
---------------+-------------------------------------------+-----
Dodging        | 1 2 3 4 5 6 7 8 9 10 | 10.0
Fighting       | 3 4 5 6 7 8 9 10 11 | 11.8
Armour         | 3 4 5 6 7 8 9 10 11 | 11.8
Invocations    | 2 3 4 5 7 9 10 12 13 14 | 14.0
Axes           | 1 3 5 7 9 11 13 15 18 | 18.0
Shields        | 4 |  4.0
Bows           | |  1.1
Throwing       | |  1.0
Spellcasting   | |  1.3
Ice Magic      | |  1.0

Action                   |  1- 3 |  4- 6 |  7- 9 | 10-12 | 13-15 || total
-------------------------+-------+-------+-------+-------+-------++-------
Melee: Unarmed           |    91 |    44 |       |       |       ||   135
       Headbutt          |    19 |    17 |    31 |    98 |   163 ||   328
       Dagger            |    47 |    46 |       |       |       ||    93
       Mace              |       |   152 |       |       |     3 ||   155
       War axe           |       |     1 |   202 |   545 |   594 ||  1342
       Trident           |       |       |       |     5 |    36 ||    41
 Fire: Hunting sling     |       |       |       |       |     9 ||     9
Invok: Cleansing Flame   |       |       |       |       |     4 ||     4
       Summon Divine War |       |       |       |       |     1 ||     1
 Abil: Evoke Flight      |       |       |       |     5 |       ||     5
  Use: Scroll            |       |       |     8 |     9 |     9 ||    26
  Eat: Chunk             |     2 |     7 |     8 |    10 |    28 ||    55
       Ration            |       |       |     2 |     6 |     3 ||    11
Armor: Ring mail         |    35 |    10 |       |       |       ||    45
       Chain mail        |       |   154 |    48 |       |       ||   202
       Plate armour      |       |       |    80 |   248 |       ||   328
       Scale mail        |       |       |       |    56 |   160 ||   216
Dodge: Dodged            |    88 |   113 |    74 |   280 |   361 ||   916
Block: Buckler           |       |       |       |       |    68 ||    68
